AoeStats
← fumomuch5515

Arena

510224971Analyzed
2v2 RM · 10h ago on Sep 30, 2026· 45m 33s· 4 players
Game mode
Random Map
Map size
Medium (4 player)
Population
200
Speed
Normal
Resources
Standard
Victory
Conquest
Starting age
Dark Age
Ending age
Imperial Age
RankedLock teamsTeams togetherTeam positionsShared explorationLock speedFull tech treeHidden civsTurbo modeCheats
Victory
Defeat
🇺🇾 Goths · Uruguay
726
+16
🇲🇽 Portuguese · Mexico
685
+18
🇪🇸 Bengalis · Spain
731
-17
🇦🇷 Burmese · Argentina
728
-17
Juan86852
4:18 Loom
11:01 Feudal Age
13:05 Wheelbarrow
12:15 Horse Collar
12:25 Double-Bit Axe
19:42 Castle Age
26:49 Imperial Age
27:28 Heavy Plow
28:14 Bow Saw
28:52 Gambesons
28:53 Arson
31:07 Scale Mail Armor
31:19 Forging
31:05 Pikeman
32:56 Halberdier
36:31 Stone Mining
36:32 Gold Mining
37:20 Conscription
37:30 Chain Mail Armor
37:50 Iron Casting
37:19 Padded Archer Armor
37:10 Fletching
40:48 Chemistry
39:30 Treadmill Crane
40:11 Ballistics
39:44 Heated Shot
39:50 Murder Holes
41:01 Blast Furnace
40:32 Plate Mail Armor
40:07 Scale Barding Armor
41:43 Hand Cart
41:14 Town Watch
42:14 Stone Shaft Mining
41:53 Caravan
43:00 Circumnavigation
45:34 Arquebus
45:05 Sappers
yulennn
4:42 Loom
9:42 Feudal Age
10:17 Double-Bit Axe
10:39 Horse Collar
15:54 Wheelbarrow
18:16 Castle Age
21:52 Caravan
22:03 Town Watch
25:14 Gold Mining
30:53 Imperial Age
28:37 Anarchy
29:55 Squires
30:10 Forging
30:01 Scale Mail Armor
32:21 Capped Ram
34:13 Theocracy
34:08 Illumination
33:44 Elite Huskarl
35:43 Chemistry
35:03 Ballistics
37:59 Iron Casting
37:39 Chain Mail Armor
45:09 Blast Furnace
fumomuch5515
10:15 Feudal Age
14:28 Castle Age
14:13 Double-Bit Axe
14:13 Horse Collar
17:06 Fervor
23:13 Forging
23:09 Scale Barding Armor
22:55 Fletching
23:53 Redemption
24:25 Wheelbarrow
24:01 Bow Saw
23:56 Heavy Plow
25:30 Gold Mining
29:36 Imperial Age
27:16 Bodkin Arrow
28:35 Chain Barding Armor
30:00 Gold Shaft Mining
31:40 Chemistry
31:12 Ballistics
32:21 Paiks
32:27 Stone Mining
33:44 Chemistry
34:10 Hand Cart
33:30 Siege Elephant
37:33 Plate Barding Armor
37:34 Iron Casting
39:14 Bracer
40:01 Crop Rotation
40:18 Elite Ratha (Ranged)
42:06 Mahayana
41:17 Elite Ratha (Ranged)
43:20 Onager
rotrox24
10:43 Feudal Age
12:00 Wheelbarrow
11:08 Horse Collar
11:26 Gold Mining
11:53 Town Watch
21:38 Castle Age
19:54 Scale Barding Armor
20:06 Bloodlines
20:14 Stone Mining
22:43 Hand Cart
22:30 Heavy Plow
23:40 Gold Shaft Mining
23:26 Town Patrol
23:44 Husbandry
30:31 Chain Barding Armor
32:56 Manipur Cavalry
37:21 Imperial Age
35:21 Forging
36:30 Light Cavalry
37:35 Elite Battle Elephant
37:41 Elite Arambai
38:26 Howdah
38:47 Conscription
39:08 Plate Barding Armor
39:18 Iron Casting
39:18 Crop Rotation
38:49 Elite Skirmisher
38:57 Hussar
43:16 Blast Furnace
42:58 Loom
46:46 Chemistry
46:06 Ballistics
Connection lost

Rejoining the realm…

Still unreachable

The connection could not be restored.

Session expired

The server has moved on; the page needs a fresh start.